 Dungeon Crawl Stone Soup version 0.29.1-14-g9c671dbff4 (webtiles) character file.

Game seed: 12315330502746785247

662 Gabide the Chucker (level 7, -3/59 HPs)
             Began as a Ghoul Berserker on Feb 17, 2023.
             Was a Believer of Trog.
             Slain by a bullfrog skeleton (6 damage)
             ... on level 5 of the Dungeon.
             The game lasted 00:05:33 (5531 turns).

Gabide the Chucker (Ghoul Berserker)                Turns: 5531, Time: 00:05:33

Health: -3/59      AC:  4    Str: 26    XL:     7   Next: 56%
Magic:  6/6        EV: 13    Int:  5    God:    Trog [**....]
Gold:   236        SH:  0    Dex: 14    Spells: 6/6 levels left

rFire   . . .      SeeInvis .     - Unarmed
rCold   + . .      Faith    .   (no shield)
rNeg    + + +      Spirit   .   t - +1 robe "Hiseteokh" {rN+ Str+4 Int+2}
rPois   ∞          Reflect  .   (no helmet)
rElec   .          Harm     .   (no cloak)
rCorr   .          Rampage  .   (no gloves)
Will    +....                   p - +0 pair of boots
Stlth   +.........              (no amulet)
HPRegen 0.00/turn               u - ring of willpower
MPRegen 0.10/turn               o - +6 ring of dexterity

@: inhibited regen
A: claws 1, cold resistance 1, negative energy resistance 3, inhibited
regeneration, torment resistance 2, devour on kill
a: Renounce Religion, Trog's Hand


You were on level 5 of the Dungeon.
You worshipped Trog.
Trog was pleased with you.
You visited 2 branches of the dungeon, and saw 6 of its levels.

You collected 236 gold pieces.

Inventory:

Missiles
 d - 6 boomerangs (quivered)
Armour
 e - a +3 ring mail
 p - a +0 pair of boots (worn)
 t - the +1 robe "Hiseteokh" (worn) {rN+ Str+4 Int+2}
   (You found it on level 4 of the Dungeon)

   Str:       It affects your strength (+4).
   Int:       It affects your intelligence (+2).
   rN:        It protects you from negative energy.
Jewellery
 f - a ring of protection from fire
 o - a +6 ring of dexterity (right claw)
 u - a ring of willpower (left claw)
 v - a +6 ring of intelligence
Wands
 m - a wand of flame (13)
Scrolls
 a - a scroll of magic mapping {unknown}
 b - 2 scrolls of identify
 c - 4 scrolls of teleportation
 h - 3 scrolls of torment
 i - a scroll of blinking {unknown}
 j - a scroll of fear {unknown}
 k - a scroll of enchant weapon {unknown}
 r - a scroll of summoning {unknown}
 s - a scroll of immolation {unknown}
Potions
 l - a potion of resistance
 n - 2 potions of might {unknown}
 q - a potion of attraction {unknown}


   Skills:
 - Level 4.0 Fighting
 - Level 6.0 Throwing
 - Level 1.7 Armour
 + Level 3.3 Dodging
 - Level 4.0 Unarmed Combat


You had 6 spell levels left.
You didn't know any spells.
Your spell library was empty.

Dungeon Overview and Level Annotations

Branches:
Dungeon (5/15)             Temple (1/1) D:4

Altars:
Ashenzari
Cheibriados
Dithmenos
Gozag
Kikubaaqudgha
Makhleb
Nemelex Xobeh
Okawaru
Qazlal
Ru
Trog
Uskayaw
Wu Jian


Innate Abilities, Weirdness & Mutations

You are immune to poison.
You have sharp fingernails.
Your flesh is cold resistant. (rC+)
You are immune to negative energy. (rN+++)
You do not regenerate when monsters are visible.
You are immune to unholy pain and torment.
You thrive by killing the living.


Message History

The centaur skeleton hits you but does no damage.
The centaur skeleton barely misses you.
You claw the centaur skeleton! You claw the centaur skeleton.
The centaur skeleton is heavily damaged.
The bullfrog skeleton barely misses you.
The adder skeleton bites you but does no damage.
The centaur skeleton hits you.
* * * LOW HITPOINT WARNING * * *
The centaur skeleton completely misses you.
The centaur skeleton attacks as you move away!
The centaur skeleton barely misses you. The centaur skeleton misses you.
The adder skeleton attacks as you move away!
The adder skeleton bites you.
* * * LOW HITPOINT WARNING * * *
A hound zombie comes into view.
The centaur skeleton hits you.
* * * LOW HITPOINT WARNING * * *
The centaur skeleton kicks you but does no damage.
You feel better.
The adder skeleton bites you but does no damage.
The centaur skeleton hits you but does no damage.
The centaur skeleton barely misses you. The centaur skeleton hits you.
* * * LOW HITPOINT WARNING * * *
The centaur skeleton kicks you but does no damage.
The water moccasin zombie bites you!
* * * LOW HITPOINT WARNING * * *
The centaur skeleton misses you. The centaur skeleton kicks you.
* * * LOW HITPOINT WARNING * * *
Found a stone staircase leading down.
The water moccasin zombie closely misses you.
The centaur skeleton hits you.
* * * LOW HITPOINT WARNING * * *
The centaur skeleton kicks you but does no damage.
The bullfrog skeleton misses you.
An orc comes into view. It is wielding a +0 club.
There is a stone staircase leading up here.
The centaur skeleton completely misses you.
The centaur skeleton kicks you but does no damage.
The bullfrog skeleton hits you.
You die...

. .o ..... ......
...... #....#.######
####.......@...##
.........ZZZZ...##
##.........Wo....###
...........Z.........
.....................
....................>
#....................
###.............#.P..
##.....#.....##....


You could see a phantom, 2 orcs, a water moccasin zombie, an adder skeleton, a
bullfrog skeleton and 2 centaur skeletons.

Vanquished Creatures
  A black bear (D:4)
  A scorpion (D:4)
  A howler monkey (D:4)
  3 orc priests
  5 hounds
  2 orc wizards
  4 gnolls (D:2)
  5 adders
  3 worms
  5 dart slugs
  4 orcs
  5 ball pythons
  5 bats
  10 endoplasms
  4 giant cockroaches
  8 goblins
  6 hobgoblins
  3 jackals (D:4)
  2 quokkas
  3 frilled lizards
  3 kobolds
  7 rats
90 creatures vanquished.

Notes
Turn   | Place    | Note
-------+----------+-------------------------------------------
     0 | D:1      | Gabide the Ghoul Berserker began the quest for the Orb.
     0 | D:1      | Reached XP level 1. HP: 19/19 MP: 0/0
   428 | D:1      | Reached XP level 2. HP: 22/26 MP: 1/1
   927 | D:1      | Reached XP level 3. HP: 33/33 MP: 2/2
  1414 | D:2      | Reached XP level 4. HP: 40/40 MP: 3/3
  1416 | D:2      | Reached skill level 1 in Throwing
  1781 | D:2      | Reached ** piety under Trog
  1878 | D:3      | Reached skill level 2 in Throwing
  1882 | D:3      | Found a stormy altar of Qazlal.
  2027 | D:3      | You fall into a shaft and drop 1 floor!
  2071 | D:4      | Noticed a black bear
  2087 | D:4      | Killed a black bear
  2088 | D:4      | Reached skill level 3 in Throwing
  2088 | D:4      | Reached XP level 5. HP: 26/46 MP: 4/4
  2307 | D:4      | Reached XP level 6. HP: 46/52 MP: 5/5
  2503 | D:3      | Reached skill level 4 in Throwing
  3674 | D:4      | Found a burning altar of Makhleb.
  3677 | D:4      | Found a staircase to the Ecumenical Temple.
  3680 | D:4      | Identified the +1 robe "Hiseteokh" {rN+ Str+4 Int+2}
  4350 | D:5      | Entered Level 5 of the Dungeon
  4361 | D:4      | Reached skill level 5 in Throwing
  4477 | D:4      | Reached XP level 7. HP: 33/59 MP: 6/6
  4850 | Temple   | Entered the Ecumenical Temple
  5171 | D:4      | Reached skill level 6 in Throwing
  5531 | D:5      | Slain by a bullfrog skeleton

Illustrated notes

Levels and vault maps discovered:
D:1:      mrwooster_arrival_statue_2, layout_loops_ring
D:2:      layout_loops_ring, chequers_mini_garden, chequers_jeans,
          hangedman_decor_opposing
D:3:      minmay_inner_zag, layout_basic, mainiacjoe_overflow_small_starburst
D:4:      layout_loops_corners, bloody_makhleb, nicolae_tso_carved_into_rock,
          minmay_temple_entry_overgrown
D:5:      layout_rooms, marbit_many_paths, nicolae_yredelemnul_corpse_copse,
          serial_undead, serial_undead_d, serial_undead_b, serial_undead_e,
          serial_undead_d, serial_undead_a, serial_undead_b, serial_undead_a,
          serial_undead_d, serial_undead_d, serial_undead_a,
          nicolae_fountain_basement
Temple:   compressed_dpeg_triangle_lava_temple

Skill      XL: |  1  2  3  4  5  6  7 |
---------------+----------------------+-----
Dodging        | 2 3 |  3.3
Fighting       | 4 |  4.0
Unarmed Combat | 4 |  4.0
Throwing       | 3 5 6 |  6.0
Armour         | |  1.7

Action                   |  1- 3 |  4- 6 |  7- 9 || total
-------------------------+-------+-------+-------++-------
Melee: Unarmed           |   101 |   158 |    39 ||   298
       Punch             |       |     6 |     2 ||     8
Throw: Boomerang         |     4 |     9 |     2 ||    15
Invok: Trog's Hand       |       |     1 |       ||     1
  Use: Scroll            |       |     5 |       ||     5
       Potion            |       |       |     1 ||     1
Armor: Animal skin       |     2 |       |       ||     2
       Leather armour    |    16 |       |       ||    16
       Ring mail         |     5 |    45 |       ||    50
       Robe              |       |     8 |    29 ||    37
Dodge: Dodged            |    50 |   101 |    81 ||   232
